General information
- name: BNet
- type: Ladder team game (AT/RT)
- host: Battle.net
- saver: iggy_the_fisk
map: RiverOfSouls
- players: 6
- length: 35:22
- speed: Fast
- version: 1.21 W3XP
- replay type:

» download(208 KB)
Players
team 1 (winner)

»
DrGoodmanners (
pink | 53 APM | 1859 actions | 35:22)
» actions
| Assign group hotkey | 221 | |
| Basic commands | 27 | |
| Build / train | 26 | |
| Enter build submenu | 14 | |
| Remove unit from queue | 2 | |
| Right click | 847 | |
| Select / deselect | 417 | |
| Select group hotkey | 227 | |
| Use ability | 78 | |
1859 total
» units
» upgrades
» buildings
| Crypt | 3 | |
| Ziggurat | 4 | |
| Nerubian Tower | 1 | |
8 total
» build order
00:20 Crypt
00:25 Ziggurat
00:36 Crypt
01:03 Ziggurat
04:53 Ziggurat
04:54 Ziggurat
09:30 Crypt
09:47 Nerubian Tower

»
iggy_the_fisk (
yellow | 56 APM | 1984 actions | 35:22)
4 Archmage
2 Summon Water Elemental
2 Brilliance Aura
1 Mountain King
1 Storm Bolt
» actions
| Assign group hotkey | 34 | |
| Basic commands | 7 | |
| Build / train | 53 | |
| Enter build submenu | 29 | |
| Enter hero's abilities submenu | 5 | |
| Remove unit from queue | 1 | |
| Right click | 1258 | |
| Select / deselect | 469 | |
| Select group hotkey | 25 | |
| Use ability | 103 | |
1984 total
» units
| Peasant | 30 | |
| Sorceress | 2 | |
| Priest | 1 | |
33 total
» upgrades
| Sorceress Training | 1 | |
| Priest Training | 1 | |
2 total
» buildings
| Altar of Kings | 1 | |
| Farm | 3 | |
| Lumber Mill | 1 | |
| Scout Tower | 10 | |
| Guard Tower | 6 | |
| Keep | 2 | |
| Town Hall | 2 | |
| Arcane Sanctum | 2 | |
| Arcane Tower | 1 | |
| Castle | 1 | |
| Blacksmith | 1 | |
| Gryphon Aviary | 2 | |
32 total
» build order
00:19 Altar of Kings
00:28 Farm
00:47 Farm
01:03 Lumber Mill
01:26 Farm
03:11 Scout Tower
03:26 Scout Tower
03:39 Guard Tower
03:51 Guard Tower
05:18 Scout Tower
05:28 Keep
05:45 Guard Tower
05:57 Scout Tower
06:18 Guard Tower
06:29 Scout Tower
08:34 Town Hall
08:41 Scout Tower
08:48 Arcane Sanctum
09:13 Arcane Tower
10:21 Arcane Sanctum
11:26 Castle
12:23 Scout Tower
12:25 Scout Tower
12:27 Blacksmith
13:27 Gryphon Aviary
13:46 Keep
13:48 Gryphon Aviary
13:52 Scout Tower
13:53 Scout Tower
14:41 Guard Tower
14:47 Guard Tower
16:47 Town Hall

»
nutsonyochin.DE (
purple | 111 APM | 3931 actions | 35:22)
8 Dreadlord
3 Vampiric Aura
3 Sleep
1 Inferno
1 Carrion Swarm
7 Lich
3 Frost Nova
3 Frost Armor
1 Death and Decay
» actions
| Assign group hotkey | 50 | |
| Basic commands | 156 | |
| Build / train | 118 | |
| ESC pressed | 12 | |
| Enter build submenu | 31 | |
| Enter hero's abilities submenu | 15 | |
| Give item / drop item | 6 | |
| Right click | 1599 | |
| Select / deselect | 419 | |
| Select group hotkey | 1416 | |
| Use ability | 109 | |
3931 total
» units
| Acolyte | 17 | |
| Ghoul | 23 | |
| Gargoyle | 24 | |
64 total
» upgrades
| Creature Attack | 3 | |
| Creature Carapace | 3 | |
| Stone Form | 1 | |
7 total
» buildings
| Altar of Darkness | 1 | |
| Crypt | 3 | |
| Ziggurat | 11 | |
| Halls of the Dead | 1 | |
| Graveyard | 1 | |
| Spirit Tower | 5 | |
| Tomb of Relics | 1 | |
| Black Citadel | 1 | |
| Necropolis | 4 | |
| Nerubian Tower | 1 | |
| Sacrificial Pit | 1 | |
30 total
» build order
00:12 Altar of Darkness
00:15 Crypt
00:26 Ziggurat
00:54 Ziggurat
01:24 Ziggurat
07:51 Halls of the Dead
08:12 Graveyard
10:18 Spirit Tower
10:38 Spirit Tower
11:53 Tomb of Relics
11:55 Ziggurat
13:01 Crypt
13:07 Black Citadel
13:09 Spirit Tower
13:13 Ziggurat
13:14 Ziggurat
14:14 Spirit Tower
14:35 Necropolis
16:08 Crypt
17:30 Ziggurat
17:30 Ziggurat
17:31 Ziggurat
17:32 Ziggurat
17:33 Ziggurat
18:35 Spirit Tower
18:36 Nerubian Tower
23:52 Necropolis
27:37 Sacrificial Pit
30:56 Necropolis
34:01 Necropolis
» items
| Scroll of Town Portal | 4 | |
| Potion of Healing | 4 | |
| Potion of Mana | 4 | |
| Orb of Corruption | 2 | |
| Boots of Speed | 1 | |
| Staff of Teleportation | 1 | |
| Potion of Lesser Invulnerability | 2 | |
| Dust of Appearance | 1 | |
| Scroll of Healing | 1 | |
20 total
team 2 (loser)
as.Shadowdeath (
blue | 92 APM | 3252 actions | 35:21)
7 Death Knight
3 Death Coil
3 Unholy Aura
1 Animate Dead
» actions
| Assign group hotkey | 61 | |
| Basic commands | 320 | |
| Build / train | 108 | |
| ESC pressed | 5 | |
| Enter build submenu | 16 | |
| Enter hero's abilities submenu | 7 | |
| Remove unit from queue | 10 | |
| Right click | 1125 | |
| Select / deselect | 390 | |
| Select group hotkey | 1065 | |
| Use ability | 145 | |
3252 total
» units
| Acolyte | 9 | |
| Ghoul | 5 | |
| Crypt Fiend | 20 | |
| Gargoyle | 14 | |
| Frost Wyrm | 6 | |
54 total
» upgrades
| Web | 1 | |
| Creature Attack | 2 | |
| Burrow | 1 | |
| Creature Carapace | 2 | |
| Freezing Breath | 1 | |
7 total
» buildings
| Crypt | 1 | |
| Graveyard | 1 | |
| Ziggurat | 7 | |
| Altar of Darkness | 1 | |
| Tomb of Relics | 1 | |
| Halls of the Dead | 5 | |
| Spirit Tower | 10 | |
| Sacrificial Pit | 1 | |
| Black Citadel | 4 | |
| Boneyard | 1 | |
32 total
» build order
00:07 Crypt
00:15 Graveyard
00:31 Ziggurat
00:42 Altar of Darkness
01:25 Ziggurat
02:24 Tomb of Relics
03:10 Ziggurat
03:21 Ziggurat
06:18 Halls of the Dead
06:18 Halls of the Dead
06:19 Halls of the Dead
06:19 Halls of the Dead
06:39 Ziggurat
08:19 Spirit Tower
08:19 Spirit Tower
08:20 Spirit Tower
08:28 Spirit Tower
08:29 Spirit Tower
08:29 Spirit Tower
08:40 Spirit Tower
08:40 Spirit Tower
10:14 Ziggurat
16:25 Ziggurat
19:00 Sacrificial Pit
19:03 Black Citadel
19:03 Black Citadel
19:04 Black Citadel
22:59 Boneyard
» items
Ping.win (
green | 117 APM | 704 actions | 06:02)
1 Archmage
1 Summon Water Elemental
» actions
| Assign group hotkey | 34 | |
| Basic commands | 60 | |
| Build / train | 35 | |
| ESC pressed | 2 | |
| Enter build submenu | 6 | |
| Enter hero's abilities submenu | 1 | |
| Right click | 295 | |
| Select / deselect | 147 | |
| Select group hotkey | 83 | |
| Use ability | 41 | |
704 total
» units
» buildings
| Farm | 3 | |
| Altar of Kings | 1 | |
| Barracks | 1 | |
| Scout Tower | 1 | |
| Arcane Tower | 3 | |
9 total
» build order
00:07 Farm
00:09 Altar of Kings
00:22 Barracks
00:52 Farm
01:44 Scout Tower
01:54 Farm
02:31 Arcane Tower
02:31 Arcane Tower
ShadowCool (
orange | 52 APM | 1841 actions | 35:19)
6 Blademaster
3 Wind Walk
2 Critical Strike
1 Bladestorm
» actions
| Assign group hotkey | 22 | |
| Basic commands | 329 | |
| Build / train | 72 | |
| ESC pressed | 1 | |
| Enter build submenu | 31 | |
| Enter hero's abilities submenu | 6 | |
| Remove unit from queue | 13 | |
| Right click | 359 | |
| Select / deselect | 481 | |
| Select group hotkey | 426 | |
| Use ability | 101 | |
1841 total
» units
| Peon | 19 | |
| Peasant | 1 | |
| Wind Rider | 6 | |
| Shaman | 3 | |
| Spirit Walker | 2 | |
| Troll Headhunter/Berserker | 8 | |
39 total
» upgrades
| Ranged Weapons | 2 | |
| Shaman Training | 4 | |
| Witch Doctor Training | 1 | |
7 total
» buildings
| Altar of Storms | 3 | |
| Orc Burrow | 11 | |
| Voodoo Lounge | 1 | |
| Stronghold | 1 | |
| War Mill | 2 | |
| Beastiary | 4 | |
| Spirit Lodge | 2 | |
| Fortress | 1 | |
| Great Hall | 3 | |
| Barracks | 1 | |
29 total
» build order
00:07 Altar of Storms
00:12 Orc Burrow
00:50 Voodoo Lounge
02:21 Stronghold
02:43 War Mill
04:48 Beastiary
04:51 Beastiary
05:50 Orc Burrow
05:54 Beastiary
06:29 Orc Burrow
06:32 Orc Burrow
07:06 Orc Burrow
09:19 Orc Burrow
12:12 Orc Burrow
12:23 Orc Burrow
14:40 Spirit Lodge
14:47 Spirit Lodge
16:13 Altar of Storms
17:11 Orc Burrow
17:38 Fortress
17:57 Great Hall
20:14 Beastiary
25:34 Great Hall
25:41 Great Hall
26:00 War Mill
26:04 Barracks
26:07 Orc Burrow
27:35 Orc Burrow
32:16 Altar of Storms
» items
| Healing Salve | 1 | |
| Lesser Clarity Potion | 2 | |
| Scroll of Speed | 1 | |
| Orb of Corruption | 1 | |
| Potion of Healing | 3 | |
8 total
Chat log
(00:06 / Allies) DrGoodmanners: hmmm. gay?
(00:14 / Allies) DrGoodmanners: gonna ghoulrush
(00:15 / Allies) DrGoodmanners: no heroe
(00:17 / Allies) DrGoodmanners: just houll
(00:20 / Allies) iggy_the_fisk: o k
(00:34 / Allies) nutsonyochin.DE: ill get Mad Dread for u
(00:45 / Allies) DrGoodmanners: littel boxes
(00:46 / Allies) DrGoodmanners: on the hillside
(00:59 / Allies) DrGoodmanners: littel boxes made of ticky tacky
(01:33 / Allies) DrGoodmanners: gay noob ud
(01:51 / Allies) DrGoodmanners: fuck this
(01:58 / Allies) DrGoodmanners: go for this hu why not
(02:11 / Allies) DrGoodmanners: need lum
(02:35 / Allies) iggy_the_fisk: oops
(02:39 / Allies) DrGoodmanners: fag
(02:45 / Allies) DrGoodmanners: cannibalize was almost done
(03:43 / Allies) nutsonyochin.DE: owned
(03:59 / Allies) DrGoodmanners: haha hu bailed?
(04:00 / Allies) DrGoodmanners: no
(05:57 / Allies) DrGoodmanners: cannibalize is pretty sweet
(06:00 / Allies) DrGoodmanners: turns any ghoul into supertank
(06:05 / All) iggy_the_fisk: Owned
(06:14 / All) DrGoodmanners: no hero?? no problem.
(06:35 / All) nutsonyochin.DE: U may quit
(06:41 / All) as.Shadowdeath: coci
(06:50 / All) nutsonyochin.DE: shut up gay ru
(07:04 / Allies) iggy_the_fisk: lum any1
(07:11 / Allies) DrGoodmanners: my base gonna go
(07:28 / Allies) DrGoodmanners: oh wow wyvo
(08:07 / Allies) DrGoodmanners: well, whatever
(08:08 / Allies) DrGoodmanners: saved my base
(08:16 / Allies) iggy_the_fisk: lum
(08:26 / Allies) nutsonyochin.DE: i only got 4 aco and i tech woop
(09:22 / Allies) DrGoodmanners: any lum?
(10:14 / Allies) DrGoodmanners: my pack o gools gonna harass bot
(10:27 / Allies) nutsonyochin.DE: bergs here
(10:30 / Allies) nutsonyochin.DE: maybe 4s after this
(10:32 / Allies) DrGoodmanners: wutta fag
(10:39 / Allies) DrGoodmanners: i think i'm a bounce soon but mb 1 mo game
(11:17 / Allies) DrGoodmanners: take the burr ohs
(11:21 / Allies) DrGoodmanners: madd inc
(11:30 / Allies) DrGoodmanners: gonna try and juke em?
(11:35 / Allies) DrGoodmanners: nm they no follow
(12:33 / Allies) nutsonyochin.DE: what should i get hmm
(12:49 / Allies) DrGoodmanners: some wyrm
(12:51 / Allies) DrGoodmanners: fagot mcnoobert
(12:56 / Allies) nutsonyochin.DE: not t3
(12:58 / Allies) nutsonyochin.DE: going mass gargle
(13:04 / Allies) DrGoodmanners: going to get owned, morelike
(13:35 / Allies) nutsonyochin.DE: lum
(13:56 / Allies) nutsonyochin.DE: lum
(14:19 / Allies) DrGoodmanners: have iggy give you any of his 1000 gold
(14:21 / Allies) DrGoodmanners: 10 000 i mean.
(14:23 / Allies) nutsonyochin.DE: no
(14:38 / Allies) nutsonyochin.DE: wood
(14:42 / Allies) DrGoodmanners: they gotta lotta aa..
(14:54 / Allies) DrGoodmanners: gyro would own
(15:05 / Allies) nutsonyochin.DE: nah im mass garg
(15:31 / Allies) DrGoodmanners: almost gotta fiend
(18:40 / Allies) DrGoodmanners: yo i brb getting some eat
(21:56 / Allies) DrGoodmanners: get 6
(22:03 / Allies) DrGoodmanners: woot
(22:56 / Allies) iggy_the_fisk: i got the goulies
(23:02 / Allies) nutsonyochin.DE: otay
(23:08 / Allies) DrGoodmanners: oik i was using them but we
(23:15 / Allies) iggy_the_fisk: oh man
(24:31 / All) DrGoodmanners: noobs = ez own
(24:31 / Allies) nutsonyochin.DE: bring ghou back
(24:32 / Allies) nutsonyochin.DE: need wood
(24:36 / All) as.Shadowdeath: leave
(24:37 / Allies) DrGoodmanners: mak more
(25:04 / Allies) nutsonyochin.DE: im near 80 food
(25:06 / Allies) nutsonyochin.DE: i aint makin more
(25:38 / Allies) iggy_the_fisk: go high kill ud expo
(25:49 / Allies) iggy_the_fisk: wtf
(25:54 / Allies) nutsonyochin.DE: lmao
(25:58 / Allies) iggy_the_fisk: sweet army
(26:18 / Allies) iggy_the_fisk: haha damn
(26:19 / Allies) DrGoodmanners: hoody hoo
(26:24 / Allies) iggy_the_fisk: one mo
(26:28 / Allies) DrGoodmanners: not even cllose
(26:35 / Allies) DrGoodmanners: get um
(26:39 / Allies) DrGoodmanners: sleeping dk
(26:48 / Allies) DrGoodmanners: surr that noobert
(27:02 / Allies) iggy_the_fisk: hm
(27:07 / Allies) iggy_the_fisk: yea
(27:08 / Allies) DrGoodmanners: haha.
(27:20 / Allies) DrGoodmanners: man that's some sweet ownage
(27:21 / All) nutsonyochin.DE: quit
(27:29 / Allies) iggy_the_fisk: ud spo plix
(27:40 / Allies) DrGoodmanners: takin garg
(28:13 / Allies) iggy_the_fisk: oh
(28:15 / Allies) DrGoodmanners: onley 2 ackos
(28:16 / Allies) iggy_the_fisk: good thin he aint using it
(28:18 / Allies) iggy_the_fisk: dont need gold
(28:46 / Allies) DrGoodmanners: zilfallon got pretty owned
(28:52 / Allies) iggy_the_fisk: what was he doin over there
(28:57 / Allies) DrGoodmanners: getting owned
(30:37 / Allies) iggy_the_fisk: 2 late
(30:54 / Allies) iggy_the_fisk: op a orc base
(30:55 / Allies) iggy_the_fisk: fasto
(31:44 / All) nutsonyochin.DE: quit???
(32:01 / Allies) iggy_the_fisk: resing dl or what
(32:09 / Allies) nutsonyochin.DE: who moved aco
(32:13 / Allies) iggy_the_fisk: you
(32:45 / Allies) DrGoodmanners: where did those hh come from any way
(32:55 / Allies) iggy_the_fisk: weirdoez
(33:02 / Allies) iggy_the_fisk: makea 100 food something
(33:16 / Allies) DrGoodmanners: oh well orc cant escape now atleast
(33:34 / All) iggy_the_fisk: sweet headhunters
(33:39 / All) iggy_the_fisk: noob unit of chice
(33:42 / All) nutsonyochin.DE: gg
(33:45 / All) DrGoodmanners: too muc hownage this game
(33:55 / Allies) iggy_the_fisk: sweet res too
(33:58 / Allies) iggy_the_fisk: 1 hh
(34:57 / All) nutsonyochin.DE: quit plz.